 Dungeon Crawl Stone Soup version 0.28.0 (webtiles) character file.

Game seed: 17886002066772264799

229 issech the Cudgeller (level 5, -5/53 HPs)
             Began as a Troll Monk on Feb 14, 2022.
             Slain by Natasha (8 damage)
             ... on level 3 of the Dungeon.
             The game lasted 00:08:02 (3010 turns).

issech the Cudgeller (Troll Monk)                   Turns: 3010, Time: 00:08:03

Health: -5/53      AC:  4    Str: 19    XL:     5   Next: 71%
Magic:  4/4        EV: 10    Int:  6    God:
Gold:   82         SH:  0    Dex: 14    Spells: 4/4 levels left

rFire   . . .      SeeInvis .   a - +0 mace
rCold   . . .      Faith    .   (no shield)
rNeg    . . .      Spirit   .   b - +0 robe
rPois   .          Reflect  .   (helmet restricted)
rElec   .          Harm     .   (no cloak)
rCorr   .          Rampage  .   (gloves unavailable)
Will    .....                   (boots unavailable)
Stlth   ++........              (no amulet)
HPRegen 0.97/turn               (no ring)
MPRegen 0.09/turn               (no ring)

@: slowed, very slow
A: large, unfitting armour, claws 3, regeneration 1, shaggy fur 1, tough skin 1
a: no special abilities


You were on level 3 of the Dungeon.
You visited 1 branch of the dungeon, and saw 3 of its levels.

You collected 82 gold pieces.

Inventory:

Hand Weapons
 a - a +0 mace (weapon)
 k - a +1 dagger of pain
 l - a +0 flail
 o - a +0 hunting sling
Missiles
 e - 97 stones (quivered)
 h - 19 sling bullets
 j - 35 arrows
Armour
 b - a +0 robe (worn)
Magical Staves
 i - a staff of cold
 q - a staff of air
Scrolls
 c - 2 scrolls of teleportation {unknown}
 d - 2 scrolls of vulnerability {unknown}
 f - 3 scrolls of identify {unknown}
 m - a scroll of enchant weapon {unknown}
 r - a scroll of torment {unknown}
Potions
 g - 2 potions of brilliance {unknown}
 n - a potion of heal wounds {unknown}
 p - a potion of might {unknown}
 s - a potion of invisibility {unknown}
 t - a potion of flight {unknown}
 u - a potion of curing {unknown}


   Skills:
 + Level 3.4 Fighting
 + Level 4.3 Maces & Flails
 + Level 3.2 Dodging
 + Level 1.4 Stealth


You had 4 spell levels left.
You didn't know any spells.
Your spell library was empty.

Dungeon Overview and Level Annotations

Branches:
Dungeon (3/15)

Altars:

Shops:
D:3 [

Annotations:
D:3 1 runed translucent door, Crazy Yiuf, Natasha


Innate Abilities, Weirdness & Mutations

You are too large for most types of armour.
You have claws for hands.
Your natural rate of healing is unusually fast.
You are covered in fur. (AC +1)
You have tough skin. (AC +1)


Message History

You completely miss Natasha.
Natasha hisses angrily.
Natasha stares at you and mumbles some strange words.
You feel yourself slow down.
You closely miss Natasha. Natasha claws you but does no damage.
Natasha barely misses you.
You hit Natasha.
Natasha is moderately wounded.
Natasha claws you! x2
You hit Natasha but do no damage.
Natasha is moderately wounded.
Natasha claws you.
Natasha casts a spell.
You hit Natasha.
Natasha is heavily wounded.
Natasha claws you. x2
You hit Natasha but do no damage.
Natasha is heavily wounded.
The white imp hits you. The white imp freezes you. Natasha claws you.
The white imp spits at you. The white imp closely misses you.
You barely miss Natasha.
Natasha is heavily wounded.
Natasha claws you. The white imp closely misses you.
Natasha casts a spell at you.
You feel as though you will be slow longer.
The white imp gestures at you. The puff of frost hits you!
* * * LOW HITPOINT WARNING * * *
You barely miss Natasha.
Natasha is heavily wounded.
Natasha mewls in sadness.
Natasha claws you!
* * * LOW HITPOINT WARNING * * *
The white imp hits you.
* * * LOW HITPOINT WARNING * * *
The white imp freezes you.
* * * LOW HITPOINT WARNING * * *
Natasha claws you!
You die...

#...)........####.
#.######.#...# #.
#.# #.#...####.
#.# #..)......<
#.# #..#.......
#.# #..########
####.#### #..#
#.......# #..#
#...@h..###..#
#....5.......#
#.............
#.......####
#.......#
#.......#
####.#### #.# #.#


You could see Natasha and a white imp (summoned).

Vanquished Creatures
  Jessica (D:2)
  Terence (D:2)
  Natasha (D:3)
  Robin (D:3)
  5 adders (D:2)
  2 worms
  A dart slug (D:3)
  2 orcs (D:3)
  10 ball pythons
  7 endoplasms
  4 giant cockroaches
  9 hobgoblins
  4 jackals (D:1)
  4 quokkas
  4 bats
  4 frilled lizards
  16 goblins
  4 kobolds
  2 rats
82 creatures vanquished.

Notes
Turn   | Place    | Note
-------+----------+-------------------------------------------
     0 | D:1      | issech the Troll Monk began the quest for the Orb.
     0 | D:1      | Reached XP level 1. HP: 22/22 MP: 0/0
    41 | D:1      | Found a faded altar of an unknown god.
   111 | D:1      | Reached XP level 2. HP: 29/29 MP: 1/1
   663 | D:1      | Reached skill level 3 in Maces & Flails
   943 | D:1      | Reached XP level 3. HP: 35/36 MP: 2/2
  1349 | D:2      | Noticed Terence
  1361 | D:2      | Killed Terence
  1362 | D:2      | Reached XP level 4. HP: 22/45 MP: 3/3
  2230 | D:2      | Noticed Jessica
  2240 | D:2      | Killed Jessica
  2241 | D:2      | Reached skill level 4 in Maces & Flails
  2241 | D:2      | Reached XP level 5. HP: 53/53 MP: 4/4
  2397 | D:3      | Found a runed translucent door.
  2398 | D:3      | Noticed Crazy Yiuf
  2589 | D:3      | Noticed Robin
  2637 | D:3      | Killed Robin
  2684 | D:3      | Found Bularof's Antique Armour Emporium.
  2720 | D:3      | Noticed Natasha
  2730 | D:3      | Killed Natasha
  2997 | D:3      | Noticed Natasha
  3010 | D:3      | Slain by Natasha

Illustrated notes

Levels and vault maps discovered:
D:1:      denvon_arrival_planthouse, layout_rooms, serial_co_window_serial,
          co_window_paths_a, co_window_paths_a, co_window_corner_a,
          co_window_paths_a, co_window_paths_a, co_window_corner_cb,
          co_window_paths_c, co_window_of_opportunity_c, co_window_cross_3,
          co_window_broadway_b, co_window_sun, glass_columns_a,
          hellmonk_ecumenical_altar_prayer_group, nicolae_wormholes
D:2:      kennysheep_six_static_rooms, layout_basic, uniq_jessica, uniq_terence
D:3:      layout_loops_ring, lemuel_round_altar, serial_shops, shop, uniq_robin,
          uniq_natasha, uniq_crazy_yiuf_cottage

Skill      XL: |  1  2  3  4 |
---------------+-------------+-----
Maces & Flails | 3 4 |  4.3
Fighting       | 3 |  3.4
Dodging        | 3 |  3.2
Stealth        | |  1.4

Action                   |  1- 3 |  4- 6 || total
-------------------------+-------+-------++-------
Melee: Mace              |   123 |   162 ||   285
       Punch             |     1 |     2 ||     3
 Stab: Sleeping          |     1 |     4 ||     5
Armor: Robe              |    51 |    49 ||   100
Dodge: Dodged            |    71 |   100 ||   171
